 Dungeon Crawl Stone Soup version 0.21.1-1-g345015f (webtiles) character file.

119 Solrac the Skirmisher (level 5, -12/57 HPs)
             Began as an Ogre Berserker on Feb 17, 2018.
             Was a Follower of Trog.
             Mangled by a gnoll
             ... wielding a +0 halberd
              (15 damage)
             ... on level 3 of the Dungeon.
             The game lasted 00:13:21 (2729 turns).

Solrac the Skirmisher (Ogre Berserker)              Turns: 2729, Time: 00:13:21

Health: -12/57     AC:  5    Str: 22    XL:     5   Next: 3%
Magic:  5/5        EV: 10    Int:  8    God:    Trog [*.....]
Gold:   69         SH:  0    Dex:  8    Spells: 4/4 levels left

rFire    . . .     SeeInvis .   a - +0 mace
rCold    + . .     Gourm    .   (no shield)
rNeg     . . .     Faith    .   b - +0 animal skin
rPois    .         Spirit   .   (helmet restricted)
rElec    .         Reflect  .   (no cloak)
rCorr    .         Harm     .   (gloves unavailable)
MR       .....                  (boots unavailable)
Stlth    +.........             g - amulet of magic regeneration
HPRegen  0.59/turn              d - ring of protection from cold
MPRegen  0.34/turn              (no ring)

@: no status effects
A: large, unfitting armour, hooves 1, molten scales 1, regeneration 1, tough
skin 1
a: Berserk, Burn Spellbooks, Renounce Religion


You were on level 3 of the Dungeon.
You worshipped Trog.
Trog was aware of your devotion.
You were not hungry.

You visited 1 branch of the dungeon, and saw 3 of its levels.

You collected 69 gold pieces.

Inventory:

Hand Weapons
 a - a +0 mace (weapon)
 l - a +0 hunting sling
 m - a +0 long sword
Missiles
 f - 58 stones (quivered)
 n - 19 sling bullets
Armour
 b - a +0 animal skin (worn)
Jewellery
 d - a ring of protection from cold (left hand)
 g - an amulet of magic regeneration (around neck)
Scrolls
 e - a scroll of remove curse
 i - a scroll of teleportation
 j - a scroll of enchant armour {unknown}
 o - 2 scrolls of identify {unknown}
Potions
 k - a potion of brilliance {unknown}
Comestibles
 c - 7 rations
 h - 7 chunks of flesh


   Skills:
 + Level 5.3 Fighting
 + Level 3.6 Maces & Flails
 + Level 3.5 Dodging
 + Level 0.2 Stealth


You had 4 spell levels left.
You didn't know any spells.

Dungeon Overview and Level Annotations

Branches:
Dungeon (3/15)

Altars:
Elyvilon


Innate Abilities, Weirdness & Mutations

You are too large for most types of armour.
You have tough skin. (AC +1)
You have large cloven feet.
You are partially covered in molten scales. (AC +2)
Your natural rate of healing is unusually fast.


Message History

Trog accepts your kill. The gnoll closely misses you.
You hit the leopard gecko but do no damage.
Your kick misses the leopard gecko. The leopard gecko bites you.
* * * LOW HITPOINT WARNING * * *
The leopard gecko closely misses you. The gnoll hits you but does no damage.
You miss the leopard gecko. The leopard gecko bites you.
* * * LOW HITPOINT WARNING * * *
The gnoll hits you from afar with a halberd!
* * * LOW HITPOINT WARNING * * *
The leopard gecko barely misses you.
You miss the leopard gecko.
The leopard gecko bites you but does no damage.
The adder barely misses you.
You sock the leopard gecko!
You kill the leopard gecko!
Trog accepts your kill. The adder bites you but does no damage.
The gnoll hits you from afar with a halberd!
You die...

.### ... . ..# .## ..
.... . #.####..# .#
#..#....# >.##### ##
#g#....# #..<..# #.
###g.....# #.....#
###.###.@S.....#
#.....###.##.#...#.....#
###.....รท.##....#...##.#
#.....##>.##.##.#.# #
#.....##..##..))#.##
#.......##...##....# .
#####.#.##.####....# ..
#.......#### #....#..#
#.....### #......#


You could see 2 gnolls and an adder.

Vanquished Creatures
  6 adders
  2 gnolls (D:3)
  An adder zombie (D:1)
  A worm (D:2)
  3 leopard geckos
  3 bats (D:2)
  A bat zombie (D:1)
  6 giant cockroaches
  3 goblins
  3 hobgoblins
  2 frilled lizards
  4 kobolds
  5 rats
40 creatures vanquished.

Vanquished Creatures (others)
  A bat (D:2)
1 creature vanquished.

Grand Total: 41 creatures vanquished

Notes
Turn   | Place    | Note
-------+----------+-------------------------------------------
     0 | D:1      | Solrac the Ogre Berserker began the quest for the Orb.
     0 | D:1      | Reached XP level 1. HP: 24/24 MP: 1/1
   256 | D:1      | Reached XP level 2. HP: 23/32 MP: 2/2
  1025 | D:2      | Reached XP level 3. HP: 14/40 MP: 3/3
  1903 | D:2      | Reached XP level 4. HP: 33/49 MP: 4/4
  2048 | D:2      | Gained mutation: You are partially covered in molten scales. (AC +2) [potion of mutation]
  2048 | D:2      | Gained mutation: Your natural rate of healing is unusually fast. [potion of mutation]
  2048 | D:2      | Gained mutation: You have large cloven feet. [potion of mutation]
  2274 | D:2      | Found a white marble altar of Elyvilon.
  2546 | D:3      | Reached skill level 5 in Fighting
  2722 | D:3      | Reached XP level 5. HP: 32/57 MP: 5/5
  2726 | D:3      | HP: 1/57 [gnoll/halberd (13)]
  2729 | D:3      | Mangled by a gnoll

Skill      XL: |  1  2  3  4 |
---------------+-------------+-----
Maces & Flails | 3 |  3.6
Dodging        | 3 |  3.5
Fighting       | 5 |  5.3
Stealth        | |  0.2

Action                   |  1- 3 |  4- 6 || total
-------------------------+-------+-------++-------
Melee: Mace              |    90 |    76 ||   166
       Kick              |       |    12 ||    12
  Use: Potion            |     2 |     1 ||     3
       Scroll            |     3 |     2 ||     5
 Stab: Sleeping          |     1 |       ||     1
  Eat: Chunk             |     3 |     3 ||     6
Armor: Animal skin       |    34 |    43 ||    77
Dodge: Dodged            |    66 |    59 ||   125
